 Dungeon Sprint DCSS version 0.30-a0-1053-gbd8d5ba0ad (webtiles) character file.

Game seed: 15976271935836939329

695 PLAYERX the Spear-Bearer (level 7, -11/67 HPs)
             Began as a Minotaur Gladiator on Apr 11, 2023.
             Was a Follower of Nemelex Xobeh.
             Mangled by a soul eater (19 damage)
             ... summoned by a kobold demonologist
             ... in the Dungeon (Sprint VII: "The Pits").
             The game lasted 00:05:13 (478 turns).

PLAYERX the Spear-Bearer (Minotaur Gladiator)        Turns: 478, Time: 00:05:15

Health: -11/67     AC:  8    Str: 21    XL:     7   Next: 37%
Magic:  6/6        EV: 11    Int:  5    God:    Nemelex Xobeh [*.....]
Gold:   0          SH:  0    Dex: 11    Spells: 6/6 levels left

rFire   . . .      SeeInvis .    a - +2 trident
rCold   . . .      Faith    .    (no shield)
rNeg    . . .      Spirit   .    b - +3 chain mail
rPois   .          Reflect  .    c - +0 hat
rElec   .          Rampage  .    (no cloak)
rCorr   .          NoTele   +    (no gloves)
Will    .....                    (no boots) Stlth
                                 (no amulet)
HPRegen 0.31/turn                (no ring)
MPRegen 0.10/turn                (no ring)

@: corroded
A: horns 2, retaliatory headbutt
a: Renounce Religion, Draw Escape, Draw Destruction, Draw Summoning


You were in the Dungeon.
You worshipped Nemelex Xobeh.
Nemelex Xobeh was aware of your devotion.
You visited 1 branch

Inventory:

Hand Weapons
 a - a +2 trident (weapon)
Missiles
 d - 3 throwing nets
 e - a javelin
 m - 10 stones
Armour
 b - a +3 chain mail (worn)
 c - a +0 hat (worn)
Scrolls
 k - a scroll of blinking
 n - 5 scrolls of amnesia
 o - a scroll of summoning
Potions
 f - 6 potions of curing
 g - 6 potions of heal wounds
 h - a potion of haste
 i - 4 potions of magic
 j - 3 potions of berserk rage
 l - 2 potions of invisibility


   Skills:
 + Level 7.7 Fighting
 + Level 12.8 Polearms
 + Level 5.2 Throwing
 + Level 4.8 Armour
 + Level 10.0 Dodging


You had 6 spell levels left.
You didn't know any spells.
Your spell library was empty.

Dungeon Overview and Level Annotations

Branches:
Dungeon (1/1)

Altars:
Ashenzari
Cheibriados
Dithmenos
Elyvilon
Fedhas
Gozag
Hepliaklqana
Kikubaaqudgha
Makhleb
Nemelex Xobeh
Okawaru
Qazlal
Ru
Sif Muna
Trog
Uskayaw
Vehumet
Wu Jian
Xom
Yredelemnul
Zin
The Shining One
Jiyva
Lugonu


Innate Abilities, Weirdness & Mutations

You have a pair of horns on your head.
You reflexively headbutt those who attack you in melee.


Message History

Sand pours from the rust devil's claws.
The kobold demonologist is briefly showered in sparks.
Sparks fly from the sun demon's claws!!
You feel a surge of magic. The smoke demon gestures at you.
Something smites you! The rust devil hits you. The rust devil corrodes you!
The kobold demonologist barely misses you.
You are too injured to fight recklessly!
You draw a card...
You have drawn the Storm.
A fierce wind blows from the card.
The smoke demon is knocked back by the gust of wind.
The sun demon is knocked back by the gust of wind.
The sun demon slams into the metal wall!
The rust devil is knocked back by the gust of wind.
The rust devil slams into the metal wall!
The rust devil is almost dead.
The kobold demonologist is knocked back by the gust of wind.
The kobold demonologist slams into the closed door!
The kobold demonologist is heavily wounded.
You hear mighty peals of thunder!
The deck of cards glows slightly and disappears.
Unknown command.
You closely miss the rust devil. You headbutt the rust devil.
You kill the rust devil!
The rust devil disappears in a puff of smoke!
The kobold demonologist closely misses you.
The smoke demon gestures at you. The ball of steam hits you!!
* * * LOW HITPOINT WARNING * * *
The kobold demonologist mumbles some strange words.
You closely miss the kobold demonologist.
The kobold demonologist is heavily wounded.
You barely miss the kobold demonologist.
The kobold demonologist is heavily wounded.
The kobold demonologist barely misses you.
You closely miss the kobold demonologist.
You headbutt the kobold demonologist, but do no damage.
The kobold demonologist is heavily wounded.
The kobold demonologist misses you. You furiously retaliate!
You headbutt the kobold demonologist. The soul eater hits you!!
You die...
Your body disappears without a glow.

#.#........##.......#
#)###########.......#
#)......# #########
#).###..# #.......#
##.###.##+#
#.......#3+
#..###..#K#
#...3..ยง3@#
###########


You could see a soul eater (summoned), a sun demon (summoned) and a kobold
demonologist.

Vanquished Creatures
  A wyvern (D)
  A warg (D)
  A floating eye (D)
  An orc warrior (D)
  A bullfrog (D)
  A hound (D)
  An iguana (D)
  A gnoll (D)
  2 river rats (D)
  An ufetubus (D)
  An endoplasm (D)
  A ball python (D)
  A rat (D)
14 creatures vanquished.

Vanquished Creatures (collateral kills)
  2 killer bees (D)
  A dart slug (D)
  2 orcs (D)
5 creatures vanquished.

Grand Total: 19 creatures vanquished

Notes
Turn   | Place    | Note
-------+----------+-------------------------------------------
     0 | D        | PLAYERX the Minotaur Gladiator began the quest for the Orb.
     0 | D        | Reached XP level 1. HP: 18/18 MP: 0/0
    33 | D        | Reached skill level 4 in Polearms
    33 | D        | Reached XP level 2. HP: 13/25 MP: 1/1
    85 | D        | Found a bloodstained altar of Trog.
    85 | D        | Found a shimmering blue altar of Sif Muna.
    85 | D        | Found a viscous altar of Jiyva.
    85 | D        | Found a hazy altar of Hepliaklqana.
    85 | D        | Found an opulent altar of Gozag.
    86 | D        | Found a glowing golden altar of the Shining One.
    86 | D        | Found a glowing silver altar of Zin.
    86 | D        | Found a basalt altar of Yredelemnul.
    86 | D        | Found a shimmering altar of Xom.
    86 | D        | Found an ornate altar of the Wu Jian Council.
    86 | D        | Found a sacrificial altar of Ru.
    86 | D        | Found a stormy altar of Qazlal.
    86 | D        | Found an iron altar of Okawaru.
    86 | D        | Found a sparkling altar of Nemelex Xobeh.
    86 | D        | Found a burning altar of Makhleb.
    86 | D        | Found a blossoming altar of Fedhas.
    86 | D        | Found a white marble altar of Elyvilon.
    86 | D        | Found a shadowy altar of Dithmenos.
    86 | D        | Found a snail-covered altar of Cheibriados.
    90 | D        | Found a radiant altar of Vehumet.
    90 | D        | Found a corrupted altar of Lugonu.
    91 | D        | Found a hide-covered altar of Uskayaw.
    91 | D        | Found an ancient bone altar of Kikubaaqudgha.
    91 | D        | Found a broken altar of Ashenzari.
    99 | D        | Became a worshipper of Nemelex Xobeh the Trickster
   165 | D        | Reached skill level 5 in Polearms
   165 | D        | Noticed a floating eye
   169 | D        | Killed a floating eye
   170 | D        | Reached skill level 8 in Polearms
   170 | D        | Reached skill level 1 in Armour
   170 | D        | Reached XP level 3. HP: 30/34 MP: 2/2
   170 | D        | Reached XP level 4. HP: 36/41 MP: 3/3
   181 | D        | Reached XP level 5. HP: 40/47 MP: 4/4
   249 | D        | Reached * piety under Nemelex Xobeh
   250 | D        | Received a gift from Nemelex Xobeh
   258 | D        | Noticed a warg
   259 | D        | Noticed a sky beast
   260 | D        | Noticed an orc warrior
   265 | D        | Killed a warg
   266 | D        | Reached skill level 5 in Fighting
   266 | D        | Reached skill level 10 in Polearms
   266 | D        | Reached XP level 6. HP: 40/56 MP: 5/5
   270 | D        | Killed an orc warrior
   271 | D        | Reached skill level 11 in Polearms
   275 | D        | Noticed a wyvern
   279 | D        | Killed a wyvern
   280 | D        | Reached skill level 12 in Polearms
   280 | D        | Reached skill level 5 in Throwing
   280 | D        | Reached XP level 7. HP: 16/66 MP: 6/6
   456 | D        | Reached skill level 10 in Dodging
   458 | D        | Noticed a kobold demonologist
   459 | D        | Noticed a neqoxec
   465 | D        | Noticed a smoke demon
   466 | D        | Noticed a rust devil
   471 | D        | Noticed a sun demon
   476 | D        | Noticed a soul eater
   478 | D        | Mangled by a soul eater

Illustrated notes

Levels and vault maps discovered:
D:        pitsprint [storerooms_1, entrance_room_1, metal_vault_5, armoury_2,
          mini_pit_1, grid_room_1, main_hall_1, silver_pit, the_coven_1,
          the_vestibule_1, steel_vault_4, golden_pit, hallway_of_sentries,
          crystal_vault_4, iron_vault_3, final_vault]

Skill      XL: |  1  2  3  4  5  6  7 |
---------------+----------------------+-----
Polearms       | 4 8 10 12 | 12.8
Dodging        | 4 7 8 9 10 | 10.0
Fighting       | 4 5 7 |  7.7
Throwing       | 3 4 5 |  5.2
Armour         | 1 2 4 |  4.8

Action                     |  1- 3 |  4- 6 |  7- 9 || total
---------------------------+-------+-------+-------++-------
  Melee: Trident           |    15 |    27 |    18 ||    60
         Headbutt          |     2 |     8 |     2 ||    12
         Punch             |       |     1 |       ||     1
 Invoke: Draw Destruction  |       |     3 |     3 ||     6
         Draw Escape       |       |       |     1 ||     1
         Draw Summoning    |       |       |     1 ||     1
 Armour: Leather armour    |     1 |     1 |       ||     2
         Chain mail        |       |     7 |    15 ||    22
  Dodge: Dodged            |     6 |    16 |    14 ||    36

Table legend: (Time is in decaauts)
 A = Elapsed time spent in this place.
 B = Non-inter-level travel time spent in this place.
 C = Inter-level travel time spent in this place.
 D = Time resting spent in this place.
 E = Time spent auto-exploring this place.
 F = Levels seen in this place.
 G = Mean time per level.
                   A        B        C        D        E       F      G
               +--------+--------+--------+--------+--------+-----+--------+
         Total |    467 |    467 |      0 |    187 |      0 |   1 |  467.0 |
       Dungeon |    467 |    467 |      0 |    187 |      0 |   1 |  467.0 |
               +--------+--------+--------+--------+--------+-----+--------+

Top non-repeatable levels by time:
       D: 467 daAuts
